 Dungeon Crawl Stone Soup version 0.29.0-4-gdea44cf6ec (webtiles) character file.

Game seed: 9901233309936313948

41 qw the Chopper (level 3, -1/21 HPs)
             Began as a Tengu Warper on Aug 28, 2022.
             Slain by a worm (7 damage)
             ... on level 2 of the Dungeon.
             The game lasted 00:00:06 (1356 turns).

qw the Chopper (Tengu Warper)                       Turns: 1356, Time: 00:00:06

Health: -1/21      AC:  3    Str: 13    XL:     3   Next: 52%
Magic:  7/7        EV: 16    Int: 13    God:
Gold:   28         SH:  0    Dex: 13    Spells: 6/6 levels left

rFire   . . .      SeeInvis .   Y - +0 hand axe
rCold   . . .      Faith    .   (no shield)
rNeg    . . .      Spirit   .   b - +0 leather armour
rPois   .          Reflect  .   (helmet restricted)
rElec   .          Harm     .   (no cloak)
rCorr   .          Rampage  .   (no gloves)
Will    .....                   (boots unavailable)
Stlth   +.........              (no amulet)
HPRegen 0.07/turn               f - +4 ring of evasion
MPRegen 0.10/turn               (no ring)

@: no status effects
A: beak, talons 3
a: no special abilities


You were on level 2 of the Dungeon.
You visited 1 branch of the dungeon, and saw 2 of its levels.

You collected 28 gold pieces.


Innate Abilities, Weirdness & Mutations

You have a beak for a mouth.
You have claws for feet.


   Skills:
 - Level 2.0 Fighting
 + Level 4.2 Axes
 - Level 1.0 Throwing
 - Level 1.1 Armour
 - Level 2.1 Dodging
 - Level 2.0 Spellcasting
 - Level 2.4 Translocations


You had 6 spell levels left.
You didn't know any spells.
Your spell library contained the following spells:

 Spells                   Type           Power      Damage    Failure   Level
 Blink                    Tloc           14%        N/A       19%         2
 Gell's Gravitas          Tloc           7%         N/A       36%         3
 Lesser Beckoning         Tloc           7%         N/A       36%         3
 Teleport Other           Tloc           7%         N/A       36%         3
 Manifold Assault         Tloc           7%         N/A       98%         5

Inventory:

Hand Weapons
 e - a +0 club
 Y - a +0 hand axe (weapon)
Armour
 b - a +0 leather armour (worn)
Jewellery
 f - a +4 ring of evasion (left hand)
Potions
 g - a potion of curing {unknown}
 h - a potion of flight {unknown}

Dungeon Overview and Level Annotations

Branches:
Dungeon (2/15)

Altars:

Shops:
D:1 :


Message History

A goblin and a worm come into view.
1342 ||| Stepping ~*~*~tactically~*~*~ (stealth).
The goblin shouts!
You hear an angry hiss.
An adder comes into view.
You hit the goblin but do no damage. Your kick misses the goblin.
The goblin closely misses you.
You slash the adder! You claw the adder.
The adder is severely wounded.
You barely miss the goblin. The goblin hits you with a +0 dagger.
The adder bites you but does no damage.
You closely miss the adder. Your peck misses the adder.
The adder is severely wounded.
You completely miss the goblin. The adder closely misses you.
The goblin barely misses you.
You hit the adder.
The adder is almost dead.
You hit the goblin.
You feel your willpower return. The adder barely misses you.
The goblin hits you with a +0 dagger. The adder bites you but does no damage.
You hit the adder.
You kill the adder!
You completely miss the goblin. The goblin hits you with a +0 dagger.
Your Axes skill increases to level 4!
You hit the goblin.
You kill the goblin!
You hit the worm. You claw the worm!
The worm is severely wounded.
The worm bites you!
Ouch! That really hurt!
You hit the worm but do no damage.
The worm is heavily wounded.
You barely miss the worm. You claw the worm.
The worm is severely wounded.
The worm completely misses you.
You hit the worm. You claw the worm, but do no damage.
The worm is almost dead.
The worm bites you!
You die...

#.# ###.###
#....<#
####.######
#.........#
#.#######.#
.. #.# #.
#.## .. #@.#
. #.w)...#
#...#....#
....##.##..#
.#. ( ..# #
.. ..# .#
..# ## ##


You could see a worm.

Vanquished Creatures
  An adder (D:2)
  A dart slug (D:1)
  2 ball pythons (D:1)
  3 endoplasms
  A giant cockroach (D:1)
  7 goblins
  2 jackals (D:1)
  2 quokkas (D:1)
  3 bats (D:1)
  2 frilled lizards (D:1)
  A kobold (D:1)
  2 rats (D:1)
27 creatures vanquished.

Vanquished Creatures (others)
  A plant (D:1)
1 creature vanquished.

Grand Total: 28 creatures vanquished

Notes
Turn   | Place    | Note
-------+----------+-------------------------------------------
     0 | D:1      | qw the Tengu Warper began the quest for the Orb.
     0 | D:1      | Reached XP level 1. HP: 12/12 MP: 4/4
     0 | D:1      | 0 ||| qw: Version: 0.1-a-89-g26bdef1
     0 | D:1      | 0 ||| qw: Game counter: 580
     0 | D:1      | 0 ||| qw: Always use a shield: true
     0 | D:1      | 0 ||| qw: God list: Okawaru
     0 | D:1      | 0 ||| qw: Allow faded altars: false
     0 | D:1      | 0 ||| qw: Do Orc after D:15 true
     0 | D:1      | 0 ||| qw: Do second Lair branch before Depths: true
     0 | D:1      | 0 ||| qw: Lair rune preference: random
     0 | D:1      | 0 ||| qw: Plans: Normal
     0 | D:1      | 0 ||| PLANNING D:1-11
    57 | D:1      | Found Wuinutt's Book Shoppe.
   247 | D:1      | Reached XP level 2. HP: 14/17 MP: 6/6
   316 | D:1      | 316 ||| Stepping ~*~*~tactically~*~*~ (stealth).
   321 | D:1      | Reached skill level 3 in Axes
   502 | D:1      | 502 ||| Stepping ~*~*~tactically~*~*~ (stealth).
   527 | D:1      | 527 ||| Stepping ~*~*~tactically~*~*~ (stealth).
   551 | D:1      | 551 ||| Stepping ~*~*~tactically~*~*~ (stealth).
   553 | D:1      | 553 ||| Stepping ~*~*~tactically~*~*~ (stealth).
   868 | D:1      | 868 ||| Stepping ~*~*~tactically~*~*~ (stealth).
   888 | D:1      | Reached XP level 3. HP: 17/21 MP: 7/7
  1012 | D:1      | Found a faded altar of an unknown god.
  1049 | D:1      | 1049 ||| Stepping ~*~*~tactically~*~*~ (stealth).
  1053 | D:1      | 1053 ||| Stepping ~*~*~tactically~*~*~ (hiding).
  1299 | D:1      | 1299 ||| UPGRADING to +4 ring of evasion.
  1300 | D:1      | 1300 ||| READING scroll labelled FAEZOYTA ATRI.
  1301 | D:1      | 1301 ||| READING scroll labelled ESEDUQ VUOTHI.
  1302 | D:1      | 1302 ||| READING scroll labelled TALLOAX TOSM.
  1303 | D:1      | 1303 ||| DROPPING scroll of blinking.
  1342 | D:2      | 1342 ||| Stepping ~*~*~tactically~*~*~ (stealth).
  1352 | D:2      | Reached skill level 4 in Axes
  1356 | D:2      | Slain by a worm

Levels and vault maps discovered:
D:1:      heliophobic_arrival_ceremonial_halls, layout_loops_cross,
          serial_shops, nicolae_shop_behind_doors,
          shapermc_ecumenical_altar_rom_forum
D:2:      layout_basic, hangedman_decor_growths, minmay_tree_intersection,
          minmay_distorted

Skill      XL: |  1  2  3 |
---------------+----------+-----
Axes           | 3 4 |  4.2
Fighting       | |  2.0
Throwing       | |  1.0
Armour         | |  1.1
Dodging        | |  2.1
Spellcasting   | |  2.0
Translocations | |  2.4

Action                   || total
-------------------------++-------
Melee: Hand axe          ||    66
       Kick              ||    17
       Peck              ||     6
Throw: Boomerang         ||     7
  Use: Scroll            ||     3
Armor: Leather armour    ||    17
Dodge: Dodged            ||    25

Table legend:
 A = Non-vault XP
 B = Vault XP
 C = Vault XP percentage of total XP
 D = Non-vault monster count
 E = Vault monster count
 F = Vault count percentage of total count
                 A         B        C        D         E       F
            +---------+---------+-------+---------+---------+-------
      Total |      42 |      17 |  28.8 |      24 |       3 |  11.1
            +---------+---------+-------+---------+---------+-------
        D:1 |      42 |       0 |   0.0 |      24 |       0 |   0.0
        D:2 |       0 |      17 | 100.0 |       0 |       3 | 100.0
            +---------+---------+-------+---------+---------+-------
